 Dungeon Crawl Stone Soup version 0.28.0-45-g0d030f2227 (webtiles) character file.

Game seed: 16715063059529652626

541 NinjaNoafa the Chopper (level 7, 0/60 HPs)
             Began as a Hill Orc Monk on Apr 3, 2022.
             Was a Priest of Vehumet.
             Slain by a sky beast (2 damage)
             ... on level 4 of the Dungeon.
             The game lasted 00:13:47 (4844 turns).

NinjaNoafa the Chopper (Hill Orc Monk)              Turns: 4844, Time: 00:13:48

Health: 0/60       AC:  3    Str: 16    XL:     7   Next: 26%
Magic:  20/20      EV: 12    Int: 12    God:    Vehumet [***...]
Gold:   245        SH:  0    Dex: 13    Spells: 10/12 levels left

rFire   + . .      SeeInvis .   g - +3 whip (drain)
rCold   + . .      Faith    .   (no shield)
rNeg    . . .      Spirit   .   b - +0 robe
rPois   +          Reflect  .   c - +0 hat
rElec   +          Harm     .   (no cloak)
rCorr   +          Rampage  .   n - +0 pair of gloves
Will    +....      Clarity  +   (no boots)
Stlth   ++........              o - amulet of the acrobat
HPRegen 0.20/turn               x - ring of willpower
MPRegen 0.17/turn               q - ring of magical power

@: resistant, hasted, very quick
A: clarity, strong 1
a: Renounce Religion


You were on level 4 of the Dungeon.
You worshipped Vehumet.
Vehumet was most pleased with you.
You visited 1 branch of the dungeon, and saw 5 of its levels.

You collected 245 gold pieces.

Inventory:

Hand Weapons
 a - a +0 hand axe
 g - a +3 whip of draining (weapon)
 l - a +0 short sword of freezing
 m - a +0 hunting sling
Missiles
 e - 113 stones (quivered)
Armour
 b - a +0 robe (worn)
 c - a +0 hat (worn)
 n - a +0 pair of gloves (worn)
Jewellery
 o - an amulet of the acrobat (around neck)
 q - a ring of magical power (right hand)
 x - a ring of willpower (left hand)
Wands
 r - a wand of paralysis (7)
Scrolls
 d - a scroll of brand weapon {unknown}
 f - a scroll of enchant weapon
 h - 2 scrolls of immolation
 k - a scroll of fog
 v - a scroll of amnesia
Potions
 i - a potion of lignification
 u - a potion of might {unknown}
 w - a potion of haste


   Skills:
 + Level 4.3 Fighting
 - Level 4.3(4.6) Axes
 - Level 1.8(3.0) Maces & Flails
 + Level 3.0 Dodging
 - Level 3.0 Stealth
 * Level 3.1 Spellcasting
 * Level 3.3 Conjurations
 - Level 0.2 Earth Magic


You had 10 spell levels left.
You knew the following spells:

 Your Spells              Type           Power      Damage    Failure   Level
a - Searing Ray           Conj           18%        2d5       2%          2

Your spell library contained the following spells:

 Spells                   Type           Power      Damage    Failure   Level
 Sticky Flame             Conj/Fire      5%         2d3       30%         4
 Magic Dart               Conj           36%        1d4       1%          1
 Fulminant Prism          Conj/Hex       2%         3d6       30%         4
 Corpse Rot               Necr/Air       2%         N/A       36%         2
 Ozocubu's Armour         Ice            1%         N/A       58%         3
 Dispel Undead            Necr           1%         3d6       94%         4
 Death Channel            Necr           0%         N/A       100%        6
 Ozocubu's Refrigeration  Ice            0%         4d5       100%        7


Dungeon Overview and Level Annotations

Branches:
Dungeon (5/15)
 Temple: D:4-7

Altars:
Nemelex Xobeh
Vehumet

Annotations:
D:5 Menkaure


Innate Abilities, Weirdness & Mutations

You possess an exceptional clarity of mind.
Your muscles are strong. (Str +2)


Message History

You are no longer poisoned.
Menkaure casts a spell at you. Pain shoots through your body!
* * * LOW HITPOINT WARNING * * *
Found 11 stones.
It was a potion of resistance.
You feel protected. The hound misses you.
Menkaure whispers a few words.
Menkaure rustles in an indecipherable tongue.
You see here 11 stones.
The hound barely misses you.
You see here a scroll labelled PIMILLOSIPS.
d - a scroll labelled PIMILLOSIPS Menkaure casts a spell at you.
You resist with some effort. The hound bites you but does no damage.
The hound misses you.
Menkaure calls on the powers of darkness!
The scorpion convulses!
The hound convulses!
Your body is wracked with pain!
* * * LOW HITPOINT WARNING * * *
The sky beast hits you.
* * * LOW HITPOINT WARNING * * *
The sky beast shocks you. You resist.
* * * LOW HITPOINT WARNING * * *
The hound completely misses you.
Your extra speed is starting to run out.
The sky beast flickers out of sight!
Deactivating autopickup; reactivate with Ctrl-A.
There is a stone staircase leading up here.
The hound misses you.
You climb upwards.
Reactivating autopickup.
There is a stone staircase leading down here.
You feel yourself slow down. Something completely misses you.
Okay, then.
You feel yourself speed up. The hound misses you. Something hits you.
* * * LOW HITPOINT WARNING * * *
Something shocks you. You resist.
You die...

............................##
........................##..##
.............................#
....................#.......##
.......##..........###.#...##
......####..........####.###
......#....#.......## ###
........).##.......## ##.#
.........###....@h>.###..##
##.........#........#.....#
##...................##...###
###.<#.......#....##........###
###.##......##...###..........#
..#.#......###...............##
.....#...####............#####
#...###...................###
...........#...###..........#


You could see a hound.

Vanquished Creatures
  Prince Ribbit (D:5)
  An ogre (D:5)
  2 scorpions (D:5)
  A gnoll (D:1)
  6 adders
  An adder skeleton (D:4)
  A worm (D:2)
  2 dart slugs (D:1)
  An orc (D:4)
  4 endoplasms
  A giant cockroach (D:1)
  8 hobgoblins
  5 jackals
  8 kobolds
  2 quokkas
  5 ball pythons
  2 bats
  4 goblins
  11 rats
66 creatures vanquished.

Vanquished Creatures (others)
  A fungus (D:1)
1 creature vanquished.

Grand Total: 67 creatures vanquished

Notes
Turn   | Place    | Note
-------+----------+-------------------------------------------
     0 | D:1      | NinjaNoafa the Hill Orc Monk began the quest for the Orb.
     0 | D:1      | Reached XP level 1. HP: 19/19 MP: 1/1
    10 | D:1      | Found a faded altar of an unknown god.
    21 | D:1      | Prayed at the altar of an unknown god.
    21 | D:1      | Became a worshipper of Vehumet
    21 | D:1      | Reached * piety under Vehumet
    21 | D:1      | Offered knowledge of Sandblast by Vehumet.
    21 | D:1      | Reached ** piety under Vehumet
   175 | D:1      | Reached XP level 2. HP: 15/27 MP: 2/2
   343 | D:1      | Offered knowledge of Shock by Vehumet.
   375 | D:1      | Reached *** piety under Vehumet
   500 | D:1      | Offered knowledge of Stone Arrow by Vehumet.
  1114 | D:1      | Reached XP level 3. HP: 26/33 MP: 3/3
  1398 | D:1      | Offered knowledge of Sticky Flame by Vehumet.
  2499 | D:2      | Reached XP level 4. HP: 40/40 MP: 5/5
  3200 | D:3      | Found a sparkling altar of Nemelex Xobeh.
  3791 | D:4      | Reached skill level 1 in Maces & Flails
  3791 | D:4      | Reached skill level 1 in Spellcasting
  3844 | D:4      | Gained mutation: You are partially covered in iridescent
                  | scales. (AC +2) [potion of mutation]
  3844 | D:4      | Gained mutation: Your mind is acute. (Int +2) [potion of
                  | mutation]
  3844 | D:4      | Gained mutation: You have a pair of small antennae on your
                  | head. [potion of mutation]
  3855 | D:4      | Reached XP level 5. HP: 17/46 MP: 6/6
  4082 | D:4      | Lost mutation: You have a pair of small antennae on your
                  | head. [potion of mutation]
  4082 | D:4      | Lost mutation: Your mind is acute. (Int +2) [potion of
                  | mutation]
  4082 | D:4      | Gained mutation: Your flesh is heat resistant. (rF+)
                  | [potion of mutation]
  4082 | D:4      | Gained mutation: You have an increased reservoir of magic.
                  | (+10% MP) [potion of mutation]
  4083 | D:4      | Lost mutation: You have an increased reservoir of magic.
                  | (+10% MP) [potion of mutation]
  4083 | D:4      | Lost mutation: You are partially covered in iridescent
                  | scales. (AC +2) [potion of mutation]
  4083 | D:4      | Lost mutation: Your flesh is heat resistant. (rF+) [potion
                  | of mutation]
  4083 | D:4      | Gained mutation: You possess an exceptional clarity of
                  | mind. [potion of mutation]
  4083 | D:4      | Gained mutation: Your muscles are strong. (Str +2) [potion
                  | of mutation]
  4325 | D:5      | Entered Level 5 of the Dungeon
  4434 | D:5      | Noticed an ogre
  4437 | D:5      | Noticed Prince Ribbit
  4446 | D:5      | Killed an ogre
  4447 | D:5      | Reached skill level 1 in Conjurations
  4447 | D:5      | Reached XP level 6. HP: 51/52 MP: 7/9
  4456 | D:5      | Noticed a sky beast
  4472 | D:5      | Killed Prince Ribbit
  4473 | D:5      | Reached XP level 7. HP: 19/59 MP: 9/11
  4760 | D:4      | Learned a level 2 spell: Searing Ray
  4782 | D:5      | Noticed Menkaure
  4791 | D:5      | HP: 3/60 [poisoned by a scorpion]
  4793 | D:5      | HP: 1/60 [Menkaure/nerve-wracking pain (2)]
  4813 | D:5      | HP: 3/60 [??? (1)]
  4830 | D:5      | HP: 3/60 [sky beast (2)]
  4830 | D:5      | HP: 1/60 [sky beast (2)]
  4844 | D:4      | HP: 2/60 [something (1)]
  4844 | D:4      | Slain by a sky beast

Illustrated notes

Levels and vault maps discovered:
D:1:      dpeg_arrival_ratfight, layout_loops_corners,
          dreamdust_ecumenical_altar_grove
D:2:      layout_basic, grunt_decor_arrowhead
D:3:      layout_rooms, nemelex_xobeh_ov_fountains_minmay,
          nicolae_elevator_lobby_plus
D:4:      layout_cave_pools, minivault_25
D:5:      layout_basic, uniq_menkaure, uniq_prince_ribbit1

Skill      XL: |  1  2  3  4  5  6 |
---------------+-------------------+-----
Stealth        | 2 3 |  3.0
Fighting       | 4 |  4.3
Maces & Flails | 1 |  1.8
Spellcasting   | 1 2 3 |  3.1
Dodging        | 3 |  3.0
Conjurations   | 1 3 |  3.3
Axes           | |  4.3
Earth Magic    | |  0.2

Action                   |  1- 3 |  4- 6 |  7- 9 || total
-------------------------+-------+-------+-------++-------
Melee: Hand axe          |    60 |       |       ||    60
       Whip              |    43 |    89 |    13 ||   145
 Fire: Hunting sling     |       |     3 |       ||     3
Throw: Stone             |     3 |    20 |       ||    23
  Use: Potion            |       |     8 |     5 ||    13
       Scroll            |       |    11 |     2 ||    13
 Stab: Sleeping          |     4 |     1 |       ||     5
Armor: Robe              |     9 |    23 |     6 ||    38
Dodge: Dodged            |    68 |    95 |    30 ||   193
